 Dungeon Crawl Stone Soup version 0.28-a0-1234-g826d19b2e0 (webtiles) character file.

Game seed: 8767771728581749358

1215 Crownlay the Chiller (level 8, -4/58 HPs)
             Began as a Gnoll Ice Elementalist on Dec 23, 2021.
             Was a Believer of Uskayaw.
             Slain by an ice beast (9 damage)
             ... on level 6 of the Dungeon.
             The game lasted 00:08:03 (4519 turns).

Crownlay the Chiller (Gnoll Ice Elementalist)       Turns: 4519, Time: 00:08:04

Health: -4/58      AC:  2    Str:  7    XL:     8   Next: 46%
Magic:  17/17      EV: 14    Int: 17    God:    Uskayaw [**....]
Gold:   132        SH:  0    Dex: 13    Spells: 12/19 levels left

rFire   . . .      SeeInvis .   r - +3 short sword
rCold   . . .      Faith    .   (no shield)
rNeg    . . .      Spirit   .   a - +0 robe
rPois   +          Reflect  .   (no helmet)
rElec   .          Harm     .   (no cloak)
rCorr   .          Rampage  .   (no gloves)
Will    .....                   (no boots)
Stlth   +++.......              m - amulet of regeneration
HPRegen 0.99/turn               d - ring of poison resistance
MPRegen 0.15/turn               (no ring)

@: no status effects
A: fangs 1, strong nose, distributed training
a: Renounce Religion, Stomp, Line Pass


You were on level 6 of the Dungeon.
You worshipped Uskayaw.
Uskayaw was noncommittal.
You visited 1 branch of the dungeon, and saw 6 of its levels.

You collected 182 gold pieces.
You spent 50 gold pieces at shops.

Inventory:

Hand Weapons
 r - a +3 short sword (weapon)
Armour
 a - a +0 robe (worn)
Jewellery
 b - an amulet of magic regeneration
 d - a ring of poison resistance (left hand)
 m - an amulet of regeneration (around neck)
 t - an amulet of faith
Scrolls
 c - 3 scrolls of identify
 f - 2 scrolls of enchant weapon
 i - a scroll of holy word {unknown}
 n - a scroll of noise {unknown}
 o - a scroll of brand weapon {unknown}
 q - a scroll of magic mapping {unknown}
 u - a scroll of acquirement {unknown}
 w - a scroll of enchant armour {unknown}
Potions
 e - a potion of haste
 g - a potion of mutation
 h - a potion of degeneration
 j - a potion of might
 k - 3 potions of curing
 l - 2 potions of attraction
 p - a potion of flight {unknown}
 s - a potion of cancellation
 v - a potion of berserk rage {unknown}


   Skills:
 + Level 3.3 Fighting
 + Level 3.3 Short Blades
 + Level 3.3 Long Blades
 + Level 3.3 Axes
 + Level 3.3 Maces & Flails
 + Level 3.3 Polearms
 + Level 3.3 Staves
 + Level 3.3 Slings
 + Level 3.3 Bows
 + Level 3.3 Crossbows
 + Level 3.3 Throwing
 + Level 3.3 Armour
 + Level 5.7 Dodging
 + Level 5.4 Stealth
 + Level 3.3 Shields
 + Level 3.3 Unarmed Combat
 + Level 6.0 Spellcasting
 + Level 2.6 Conjurations
 + Level 2.6 Hexes
 + Level 2.6 Summonings
 + Level 2.6 Necromancy
 + Level 2.6 Translocations
 + Level 2.6 Transmutations
 + Level 2.6 Fire Magic
 + Level 7.6 Ice Magic
 + Level 2.6 Air Magic
 + Level 2.6 Earth Magic
 + Level 2.6 Poison Magic
 + Level 3.6 Invocations
 + Level 3.3 Evocations


You had 12 spell levels left.
You knew the following spells:

 Your Spells              Type           Power      Damage    Failure   Level
a - Freeze                Ice            100%       1d11      1%          1
b - Frozen Ramparts       Ice            62%        1d8       1%          3
c - Ozocubu's Armour      Ice            31%        N/A       1%          3

Your spell library contained the following spells:

 Spells                   Type           Power      Damage    Failure   Level
 Pain                     Necr           56%        1d6       4%          1
 Hailstorm                Conj/Ice       22%        3d7       16%         4
 Agony                    Necr           14%        N/A       75%         5
 Excruciating Wounds      Necr           7%         N/A       75%         5


Dungeon Overview and Level Annotations

Branches:
Dungeon (6/15)
 Temple: D:4-7

Altars:
Ashenzari
Gozag
Hepliaklqana
Kikubaaqudgha
Qazlal
Ru
Sif Muna
Trog
Uskayaw
Zin
The Shining One

Shops:
D:4 !


Innate Abilities, Weirdness & Mutations

You have very sharp teeth.
Your uncanny sense of smell can sniff out nearby items.
Your experience applies equally to all skills.


Message History

You are too injured to fight recklessly!
You are too injured to fight recklessly!
You are too injured to fight recklessly!
You are too injured to fight recklessly!
You are too injured to fight recklessly!
You are too injured to fight recklessly!
Hit: r) +3 short sword
Press: ? - help, Dir - move target, f - ice beast
Aim: an ice beast (heavily wounded, about 35% to evade your +3 short sword)
Okay, then.
You aren't carrying any items that you can evoke.
You hit the ice beast but do no damage.
The ice beast is heavily wounded.
You hit the ice beast.
The ice beast is severely wounded.
The ice beast closely misses you.
You hit the ice beast.
You bite the ice beast, but do no damage.
The ice beast is almost dead.
The ice beast misses you.
You can now pass through a line of other dancers.
You barely miss the ice beast.
The ice beast is almost dead.
The ice beast hits you. The ice beast freezes you!
* * * LOW HITPOINT WARNING * * *
You barely miss the ice beast.
The ice beast is almost dead.
The ice beast hits you but does no damage.
You hit the ice beast.
The ice beast is almost dead.
The ice beast hits you.
* * * LOW HITPOINT WARNING * * *
The ice beast freezes you!
* * * LOW HITPOINT WARNING * * *
You hit the ice beast but do no damage.
The ice beast is almost dead.
The ice beast hits you.
* * * LOW HITPOINT WARNING * * *
The ice beast freezes you!
You die...

.##.##.......# ###
.........##..# ...
.##..##..######....
#...............<. ∆
#................. #
#+##.###..######....
#..##.######..## ###
....<.....#....#
.......@..#.>..#
.####.Y#....#.##
#..######## ....
..... #..... #..#..
######


You could see an ice beast.

Vanquished Creatures
  Sigmund (D:5)
  A water moccasin (D:5)
  A black bear (D:5)
  An ice beast (D:5)
  An ogre (D:5)
  A phantom (D:5)
  5 wights (D:6)
  3 jellies
  A bullfrog skeleton (D:5)
  Jessica (D:2)
  An iguana (D:5)
  An orc wizard (D:6)
  2 hound skeletons (D:5)
  11 adders
  A howler monkey skeleton (D:5)
  2 white imps
  2 adder skeletons (D:4)
  A worm (D:3)
  4 dart slugs
  8 orcs
  2 ball pythons
  4 endoplasms
  3 giant cockroaches
  2 hobgoblins
  6 jackals
  3 bats
  4 frilled lizards
  4 goblins
  6 kobolds
  A quokka skeleton (D:4)
  3 rats
87 creatures vanquished.

Notes
Turn   | Place    | Note
-------+----------+-------------------------------------------
     0 | D:1      | Crownlay the Gnoll Ice Elementalist began the quest for the
                  | Orb.
     0 | D:1      | Reached XP level 1. HP: 13/13 MP: 6/6
   417 | D:1      | Reached XP level 2. HP: 19/19 MP: 5/7
   688 | D:2      | Noticed Jessica
   690 | D:2      | Found a faded altar of an unknown god.
   695 | D:2      | Killed Jessica
   696 | D:2      | Reached skill level 5 in Spellcasting
   696 | D:2      | Reached skill level 1 in Invocations
   696 | D:2      | Reached XP level 3. HP: 19/25 MP: 4/9
   821 | D:2      | Reached skill level 1 in Fighting
   821 | D:2      | Reached skill level 1 in Short Blades
   821 | D:2      | Reached skill level 1 in Long Blades
   821 | D:2      | Reached skill level 1 in Axes
   821 | D:2      | Reached skill level 1 in Maces & Flails
   821 | D:2      | Reached skill level 1 in Polearms
   821 | D:2      | Reached skill level 1 in Staves
   821 | D:2      | Reached skill level 1 in Slings
   821 | D:2      | Reached skill level 1 in Bows
   821 | D:2      | Reached skill level 1 in Crossbows
   821 | D:2      | Reached skill level 1 in Throwing
   821 | D:2      | Reached skill level 1 in Armour
   821 | D:2      | Reached skill level 1 in Shields
   821 | D:2      | Reached skill level 1 in Unarmed Combat
   821 | D:2      | Reached skill level 1 in Evocations
  1020 | D:2      | Reached XP level 4. HP: 32/32 MP: 8/11
  1469 | D:3      | Found a sacrificial altar of Ru.
  1470 | D:3      | Found a hide-covered altar of Uskayaw.
  1471 | D:3      | Found an opulent altar of Gozag.
  1471 | D:3      | Found a stormy altar of Qazlal.
  1471 | D:3      | Found an ancient bone altar of Kikubaaqudgha.
  1478 | D:3      | Found a bloodstained altar of Trog.
  1483 | D:3      | Became a worshipper of Uskayaw the Reveller
  1562 | D:3      | Learned a level 3 spell: Frozen Ramparts
  1566 | D:3      | Learned a level 3 spell: Ozocubu's Armour
  1569 | D:3      | Reached * piety under Uskayaw
  1739 | D:3      | Reached ** piety under Uskayaw
  1740 | D:3      | Reached skill level 1 in Conjurations
  1740 | D:3      | Reached skill level 1 in Hexes
  1740 | D:3      | Reached skill level 1 in Summonings
  1740 | D:3      | Reached skill level 1 in Necromancy
  1740 | D:3      | Reached skill level 1 in Translocations
  1740 | D:3      | Reached skill level 1 in Transmutations
  1740 | D:3      | Reached skill level 1 in Fire Magic
  1740 | D:3      | Reached skill level 1 in Air Magic
  1740 | D:3      | Reached skill level 1 in Earth Magic
  1740 | D:3      | Reached skill level 1 in Poison Magic
  2075 | D:3      | Reached XP level 5. HP: 37/37 MP: 9/12
  2533 | D:4      | Found Gagaseibb's Distillery.
  2593 | D:4      | Bought a potion of heal wounds for 50 gold pieces
  2596 | D:4      | Found a broken altar of Ashenzari.
  3072 | D:4      | Reached XP level 6. HP: 44/44 MP: 13/13
  3185 | D:5      | Entered Level 5 of the Dungeon
  3354 | D:5      | Found a glowing silver altar of Zin.
  3446 | D:5      | Noticed a water moccasin
  3459 | D:5      | Reached *** piety under Uskayaw
  3460 | D:5      | Killed a water moccasin
  3461 | D:5      | Reached skill level 5 in Dodging
  3554 | D:5      | Found a hazy altar of Hepliaklqana.
  3582 | D:5      | Noticed Sigmund
  3590 | D:5      | Reached XP level 7. HP: 13/50 MP: 8/15
  3591 | D:5      | Reached **** piety under Uskayaw
  3594 | D:5      | Killed Sigmund
  3597 | D:5      | Reached ***** piety under Uskayaw
  3693 | D:5      | Reached skill level 5 in Stealth
  3876 | D:5      | Reached XP level 8. HP: 14/57 MP: 16/16
  4457 | D:6      | Found a glowing golden altar of the Shining One.
  4459 | D:6      | Noticed an angel
  4473 | D:6      | Found a shimmering blue altar of Sif Muna.
  4519 | D:6      | Slain by an ice beast

Illustrated notes

Levels and vault maps discovered:
D:1:      mushboom_english_gardens, layout_basic
D:2:      layout_basic, shapermc_ecumenical_altar_acropolis,
          kennysheep_pointless_box, corexii_item_surrounded_by_moat,
          uniq_jessica
D:3:      layout_basic, grunt_temple_overflow_open, serial_glass,
          glass_columns_b, glass_columns_c, glass_columns_a, glass_columns_a,
          glass_columns_b, glass_columns_b, item_on_display_a,
          item_on_display_a, item_on_display_a
D:4:      layout_loops_ring, ashenzari_conservatory_becter, serial_shops, shop
D:5:      layout_gridville, nzn_hepliaklqana_mist_gate,
          mainiacjoe_overflow_six_doors_small, uniq_sigmund
D:6:      layout_gridville, grunt_temple_overflow_holy_war,
          mainiacjoe_overflow_small_starburst, hellmonk_bongcloud_opening

Skill      XL: |  1  2  3  4  5  6  7  8 |
---------------+-------------------------+-----
Spellcasting   | 5 6 |  6.0
Invocations    | 1 2 3 |  3.6
Fighting       | 1 2 3 |  3.3
Short Blades   | 1 2 3 |  3.3
Long Blades    | 1 2 3 |  3.3
Axes           | 1 2 3 |  3.3
Maces & Flails | 1 2 3 |  3.3
Polearms       | 1 2 3 |  3.3
Staves         | 1 2 3 |  3.3
Slings         | 1 2 3 |  3.3
Bows           | 1 2 3 |  3.3
Crossbows      | 1 2 3 |  3.3
Throwing       | 1 2 3 |  3.3
Armour         | 1 2 3 |  3.3
Shields        | 1 2 3 |  3.3
Unarmed Combat | 1 2 3 |  3.3
Evocations     | 1 2 3 |  3.3
Conjurations   | 1 2 |  2.6
Hexes          | 1 2 |  2.6
Summonings     | 1 2 |  2.6
Necromancy     | 1 2 |  2.6
Translocations | 1 2 |  2.6
Transmutations | 1 2 |  2.6
Fire Magic     | 1 2 |  2.6
Air Magic      | 1 2 |  2.6
Earth Magic    | 1 2 |  2.6
Poison Magic   | 1 2 |  2.6
Dodging        | 5 |  5.7
Stealth        | 5 |  5.4
Ice Magic      | |  7.6

Action                   |  1- 3 |  4- 6 |  7- 9 || total
-------------------------+-------+-------+-------++-------
Melee: Unarmed           |     1 |       |       ||     1
       Whip              |     4 |     3 |       ||     7
       Short sword       |       |    65 |   116 ||   181
       Bite              |       |     3 |    10 ||    13
       Scythe            |       |       |    19 ||    19
       Punch             |       |       |     2 ||     2
 Cast: Freeze            |    24 |    53 |     4 ||    81
       Frozen Ramparts   |       |     5 |     6 ||    11
       Ozocubu's Armour  |       |     4 |     4 ||     8
  Use: Scroll            |       |     8 |       ||     8
       Potion            |       |       |     1 ||     1
 Stab: Sleeping          |     1 |     8 |     4 ||    13
       Paralysed         |       |     2 |     4 ||     6
Armor: Robe              |     4 |    11 |    17 ||    32
Dodge: Dodged            |    19 |    58 |    77 ||   154

Table legend: (Time is in decaauts)
 A = Elapsed time spent in this place.
 B = Non-inter-level travel time spent in this place.
 C = Inter-level travel time spent in this place.
 D = Time resting spent in this place.
 E = Time spent auto-exploring this place.
 F = Levels seen in this place.
 G = Mean time per level.
                   A        B        C        D        E       F      G
               +--------+--------+--------+--------+--------+-----+--------+
         Total |   4475 |   4385 |     90 |      0 |   3641 |   6 |  745.8 |
       Dungeon |   4475 |   4385 |     90 |      0 |   3641 |   6 |  745.8 |
               +--------+--------+--------+--------+--------+-----+--------+

Top non-repeatable levels by time:
     D:5: 973 daAuts
     D:4: 954 daAuts
     D:2: 827 daAuts
     D:3: 769 daAuts
     D:1: 621 daAuts
     D:6: 329 daAuts
